 Dungeon Crawl Stone Soup version 0.30-a0-576-g89cddaab80 (webtiles) character file.

Game seed: 14920639057161344195

129315 wormed the Unseen (level 16, -1/88 HPs)
             Began as a Spriggan Hunter on Dec 31, 2022.
             Was the Champion of Okawaru.
             Killed from afar by a salamander tyrant (50 damage)
             ... on level 2 of the Snake Pit.
             The game lasted 00:49:42 (27884 turns).

wormed the Unseen (Spriggan Hunter)                Turns: 27884, Time: 00:49:42

Health: -1/88      AC:  6    Str: 13    XL:     16   Next: 50%
Magic:  23/23      EV: 46    Int: 18    God:    Okawaru [******]
Gold:   2686       SH:  0    Dex: 36    Spells: 13/15 levels left

rFire   . . .      SeeInvis +    Y - +5 arbalest "Qilo" {elec, rPois rC- Str+6 Int+2}
rCold   x . .      Faith    .    (shield currently unavailable)
rNeg    . . .      Spirit   .    C - +1 animal skin "Heqem" {+Inv rElec Will+}
rPois   +          Reflect  .    Q - +0 hat {Int+3}
rElec   +          Harm     .    y - +2 cloak
rCorr   .          Rampage  .    (gloves unavailable)
Will    +++..                    (boots unavailable)
Stlth   +++++++++                p - amulet of regeneration
HPRegen 1.14/turn                s - +6 ring of dexterity
MPRegen 0.18/turn                E - +6 ring of dexterity

@: lethally poisoned (-1 -> -4), weakened, very quick
A: very small, no large weapons, unfitting armour, see invisible, speed 3
a: Renounce Religion, Evoke Invisibility, Heroism, Finesse, Duel


You were on level 2 of the Snake Pit.
You worshipped Okawaru.
Okawaru was exalted by your worship.
You visited 5 branches of the dungeon, and saw 25 of its levels.

You collected 2686 gold pieces.

Inventory:

Hand Weapons
 O - the +10 arbalest "Wulox" {penet, rC+ Dex-3 SInv}
   (Okawaru gifted it to you on level 2 of the Lair of Beasts)

   Any ammunition fired by it passes through the targets it hits, potentially
   hitting all targets in its path until it reaches maximum range.
   Dex:       It affects your dexterity (-3).
   rC:        It protects you from cold.
   SInv:      It lets you see invisible.
 Y - the +5 arbalest "Qilo" (weapon) {elec, rPois rC- Str+6 Int+2}
   (Okawaru gifted it to you on level 1 of the Snake Pit)

   Any ammunition fired from it occasionally discharges a powerful burst of
   electricity upon striking a foe.
   Str:       It affects your strength (+6).
   Int:       It affects your intelligence (+2).
   rC:        It makes you vulnerable to cold.
   rPois:     It protects you from poison.
Armour
 y - a +2 cloak (worn)
 C - the +1 animal skin "Heqem" (worn) {+Inv rElec Will+}
   (Okawaru gifted it to you on level 5 of the Lair of Beasts)

   rElec:     It insulates you from electricity.
   +Inv:      It lets you turn invisible.
   Will:      It increases your willpower.
 Q - a +0 hat of intelligence (worn)
Jewellery
 c - a ring of positive energy
 o - a ring of protection from cold
 p - an amulet of regeneration (around neck)
 r - a ring of positive energy
 s - a +6 ring of dexterity (left hand)
 t - a ring of resist corrosion
 x - a ring of flight
 A - a ring of willpower
 E - a +6 ring of dexterity (right hand)
 I - a ring of willpower
Wands
 u - a wand of flame (20)
 z - a wand of paralysis (10)
 D - a wand of roots (24)
 K - a wand of polymorph (13)
 M - a wand of acid (29)
 R - a wand of mindburst (12)
 V - a wand of digging (8)
Scrolls
 b - 3 scrolls of immolation
 d - a scroll of amnesia
 f - 2 scrolls of brand weapon
 h - 3 scrolls of enchant weapon
 i - 6 scrolls of poison
 j - 3 scrolls of magic mapping
 k - 8 scrolls of teleportation
 q - 3 scrolls of enchant armour
 v - 5 scrolls of noise
 B - 3 scrolls of vulnerability
 F - 4 scrolls of blinking
 G - 2 scrolls of fog
 S - 2 scrolls of fear
 U - 7 scrolls of identify
 Z - a scroll of silence
Potions
 a - a potion of invisibility
 e - 4 potions of curing
 g - 6 potions of lignification
 l - 6 potions of brilliance
 m - 7 potions of attraction
 n - 6 potions of cancellation
 w - 4 potions of haste
 H - 3 potions of flight
 J - 5 potions of berserk rage
 L - 3 potions of ambrosia
 P - 2 potions of might
 T - 4 potions of resistance
 W - 2 potions of magic
 X - 2 potions of degeneration


   Skills:
 - Level 11.7 Fighting
 - Level 18.0 Ranged Weapons
 - Level 17.5 Dodging
 - Level 20.4 Stealth
 * Level 8.7 Invocations


You had 13 spell levels left.
You knew the following spells:

 Your Spells              Type           Power      Damage    Failure   Level
a - Blink                 Tloc           0%         N/A       32%         2

Your spell library contained the following spells:

 Spells                   Type           Power      Damage    Failure   Level
 Freeze                   Ice            0%         1d3       22%         1
 Kiss of Death            Conj/Necr      0%         2d5       22%         1
 Magic Dart               Conj           0%         1d3       22%         1
 Shock                    Conj/Air       0%         1d3       22%         1
 Sting                    Tmut/Pois      0%         1d3       22%         1
 Ensorcelled Hibernation  Hex/Ice        0%         N/A       32%         2
 Momentum Strike          Conj/Tloc      0%         3d8       32%         2
 Poisonous Vapours        Pois/Air       0%         N/A       32%         2
 Searing Ray              Conj           0%         2d4       32%         2
 Static Discharge         Conj/Air       0%         2-2/arc   32%         2
 Sublimation of Blood     Necr           0%         N/A       32%         2
 Confusing Touch          Hex            0%         N/A       54%         3
 Dazzling Flash           Conj/Hex       0%         N/A       54%         3
 Frozen Ramparts          Ice            0%         1d1       54%         3
 Gell's Gravitas          Tloc           0%         N/A       54%         3
 Hailstorm                Conj/Ice       0%         3d3       54%         3
 Inner Flame              Hex/Fire       0%         N/A       54%         3
 Lesser Beckoning         Tloc           0%         N/A       54%         3
 Ozocubu's Armour         Ice            0%         N/A       54%         3
 Spider Form              Tmut/Pois      0%         N/A       54%         3
 Swiftness                Air            0%         N/A       54%         3
 Teleport Other           Tloc           0%         N/A       54%         3
 Vhi's Electric Charge    Tloc/Air       0%         N/A       54%         3
 Airstrike                Air            0%         2d(0-16)  91%         4
 Anguish                  Hex/Necr       0%         N/A       91%         4
 Cause Fear               Hex            0%         N/A       91%         4
 Dispel Undead            Necr           0%         3d6       91%         4
 Fulminant Prism          Conj/Hex       0%         3d5       91%         4
 Ice Form                 Ice/Tmut       0%         N/A       91%         4
 Olgreb's Toxic Radiance  Pois           0%         N/A       91%         4
 Petrify                  Tmut/Erth      0%         N/A       91%         4
 Agony                    Necr           0%         N/A       99%         5
 Arcjolt                  Conj/Air       0%         1d10      99%         5
 Irradiate                Conj/Tmut      0%         3d11      99%         5
 Lightning Bolt           Conj/Air       0%         1d11      99%         5
 Metabolic Englaciation   Hex/Ice        0%         N/A       99%         5
 Silence                  Hex/Air        0%         N/A       99%         5
 Storm Form               Tmut/Air       0%         N/A       100%        7
 Discord                  Hex            0%         N/A       100%        8
 Maxwell's Capacitive Co  Air            0%         ∞         100%        8
 Summon Lightning Spire   Summ/Air       Unusable   N/A       N/A         4
 Simulacrum               Ice/Necr       Unusable   N/A       N/A         6

Dungeon Overview and Level Annotations

Branches:
Dungeon (15/15)            Temple (1/1) D:4            Lair (5/5) D:8
  Swamp (0/4) Lair:2        Snake (2/4) Lair:3        Slime (0/5) Lair:5
    Orc (2/2) D:11            Elf (0/3) Orc:2        Vaults (0/5) D:14
 Depths (0/4) D:15

Altars:
Ashenzari
Cheibriados
Dithmenos
Elyvilon
Fedhas
Gozag
Hepliaklqana
Kikubaaqudgha
Makhleb
Nemelex Xobeh
Okawaru
Qazlal
Ru
Sif Muna
Trog
Uskayaw
Vehumet
Wu Jian
Xom
Yredelemnul
Zin
The Shining One
Jiyva

Shops:
Orc:2 [(:*

Portals:
Abyss: D:11

Annotations:
D:14 2 transporters, Pocvaraige's ghost, journeyman TrMo


Innate Abilities, Weirdness & Mutations

You are very small and have problems with some larger weapons.
You are too small for most types of armour.
You have supernaturally acute eyesight. (SInv)
You cover ground extremely quickly. (Speed+++)


Message History

You feel much better.
The salamander tyrant gazes fiercely through you!
You feel as though you will be weak longer.
You feel much better.
The naga ritualist prays to its god.
The naga ritualist begins to radiate toxic energy.
You are poisoned.
The salamander tyrant completely misses you.
The naga sharpshooter casts a spell.
The naga sharpshooter magically shoots an arrow.
The arrow completely misses you.
You feel sick.
You are more poisoned.
The salamander tyrant gazes fiercely through you!
You feel as though you will be weak longer.
You feel sick.
You feel sick.
You are more poisoned.
The naga sharpshooter casts a spell.
You see here a +0 flail.
You feel sick.
The salamander tyrant gazes fiercely through you!
You feel as though you will be weak longer.
The naga sharpshooter casts a spell.
The naga sharpshooter magically shoots an arrow.
The arrow completely misses you.
You see here a +0 flail.
You are more poisoned.
The naga ritualist spits poison at you. The splash of poison misses you.
You feel sick.
You are more poisoned.
The salamander tyrant gazes fiercely through you!
You feel as though you will be weak longer.
The naga sharpshooter shoots an arrow.
The arrow closely misses you.
You feel sick.
The salamander tyrant rends the earth beneath you!
The blast of magma engulfs you!!!
Ouch! That really hurt!
You die...

+.....NN....#
#.....#.....# #.....#
....# #...N.# ..##
##.N.## .# #.).# #
##.## ####### #≈#
#...... ####@####
#......
###...≈≈..#######......
#.............#.>......
.
#...###.......#........
..## #...#
#.......+.[......
.....###...#
#.......#........
...........#
#.......#........
...........#
##......#........
###..###...#
#.....#........


You could see a salamander tyrant and a naga ritualist (toxic aura, curare,
catching breath).

Vanquished Creatures
  Gastronok (Lair:1)
  Agnes (D:15)
  An orc warlord (Orc:2)
  A stone giant (D:15)
  Azrael (D:15)
  A fire dragon (Lair:5)
  Fannar (D:11)
  Josephine (D:15)
  A great orb of eyes (D:11)
  A rakshasa (D:11)
  The ghost of Wiilli the Geomancer, a journeyman GrEE of Qazlal (D:11)
  4 hydras
  An anaconda (Snake:1)
  An ogre mage (D:14)
  7 centaur warriors
  4 catoblepae
  4 boulder beetles
  2 two-headed ogres (D:14)
  3 naga warriors
  6 tengu warriors
  A thrashing horror (D:11)
  7 death yaks
  4 naga sharpshooters
  Urug (Lair:1)
  A shock serpent (Snake:1)
  4 orc high priests (Orc:2)
  Sonja (Lair:1)
  Nergalle (D:11)
  A sixfirhy (D:11)
  A fire crab (shapeshifter) (D:13)
  A salamander mystic (Snake:2)
  A wizard (D:9)
  2 naga ritualists (Snake:1)
  A swamp dragon (Lair:5)
  2 lindwurms (Lair:1)
  2 deep elf pyromancers (D:14)
  2 mana vipers
  3 orc sorcerers
  23 ugly things
  5 orc knights
  4 wolf spiders (Lair:1)
  A salamander (Snake:1)
  9 cyclopes
  7 manticores
  14 elephants
  15 black mambas
  3 naga magi
  Joseph (D:8)
  A torpor snail (Lair:4)
  A guardian serpent (Snake:1)
  Psyche (D:7)
  11 cane toads
  An unseen horror (shapeshifter) (D:15)
  2 gargoyles
  4 unseen horrors
  6 kobold demonologists
  2 efreet
  8 komodo dragons
  3 yaktaurs (D:15)
  3 rime drakes
  A tengu conjurer (D:15)
  9 polar bears (Lair:5)
  6 trolls
  A hornet (D:9)
  Grinder (D:3)
  9 slime creatures
  2 raiju (Lair:5)
  A tyrant leech (Lair:2)
  37 blink frogs
  5 dream sheep (Lair:1)
  2 shadows
  8 wraiths
  2 vampires
  A fire bat (Lair:4)
  41 yaks
  5 wyverns
  8 basilisks
  Grum (Lair:1)
  5 steam dragons
  3 fire elementals (Lair:4)
  A redback (Lair:1)
  A neqoxec (D:11)
  5 vampire mosquitoes
  7 wargs
  2 swamp worms (Lair:2)
  7 acid dragons
  9 nagas
  22 hell hounds
  25 orc warriors
  18 water moccasins
  A swamp drake (Lair:5)
  A sky beast (D:7)
  12 black bears
  An ice beast (D:7)
  8 ogres
  22 wolves
  9 centaurs
  A phantom (D:6)
  12 bullfrogs
  5 kobold brigands
  2 necrophages
  A gnoll sergeant (Orc:2)
  2 scorpions
  3 wights
  5 killer bees
  2 electric eels (Lair:4)
  5 howler monkeys
  2 quasits (D:8)
  3 hounds
  3 lava snakes (Lair:1)
  15 orc priests
  2 jellies
  Crazy Yiuf (D:3)
  2 gnoll boudas
  9 iguanas
  Ijyb (D:5)
  17 orc wizards
  2 centaur simulacra
  14 gnolls
  10 adders
  6 shadow imps
  4 white imps
  3 ufetubi
  A worm (D:3)
  2 dart slugs (D:1)
  64 orcs
  13 endoplasms
  2 giant cockroaches
  14 goblins
  8 hobgoblins
  5 quokkas
  9 ball pythons
  6 bats
  3 frilled lizards
  18 kobolds
  3 rats
783 creatures vanquished.

Vanquished Creatures (others)
  A slime creature (D:12)
  11 demonic plants (D:8)
  30 fungi
  51 plants
93 creatures vanquished.

Grand Total: 876 creatures vanquished

Notes
Turn   | Place    | Note
-------+----------+-------------------------------------------
     0 | D:1      | wormed the Spriggan Hunter began the quest for the Orb.
     0 | D:1      | Reached XP level 1. HP: 10/10 MP: 2/2
    30 | D:1      | Reached skill level 2 in Stealth
    90 | D:1      | Reached XP level 2. HP: 15/15 MP: 3/3
   147 | D:1      | Found a faded altar of an unknown god.
   168 | D:1      | You fall into a shaft and drop 1 floor!
   235 | D:1      | Reached XP level 3. HP: 18/18 MP: 4/4
   713 | D:2      | Reached skill level 3 in Stealth
   805 | D:2      | Reached XP level 4. HP: 21/23 MP: 5/5
  1498 | D:3      | Reached skill level 5 in Ranged Weapons
  2097 | D:3      | Noticed Grinder
  2098 | D:3      | Reached XP level 5. HP: 26/26 MP: 6/6
  2115 | D:3      | Paralysed by Grinder for 5 turns
  2175 | D:4      | Reached skill level 4 in Stealth
  2311 | D:4      | Identified the +9 dagger of the Imbibing Enemy {freeze,
                  | Fly}
  2484 | D:4      | Found a staircase to the Ecumenical Temple.
  2490 | D:4      | Reached XP level 6. HP: 32/32 MP: 7/7
  2496 | Temple   | Entered the Ecumenical Temple
  2673 | Temple   | Became a worshipper of Warmaster Okawaru
  3229 | D:3      | Found a runed translucent door.
  3230 | D:3      | Noticed Crazy Yiuf
  3443 | D:3      | Killed Crazy Yiuf
  3518 | D:3      | Killed Grinder
  3518 | D:3      | Reached * piety under Okawaru
  3519 | D:3      | Reached skill level 5 in Dodging
  3519 | D:3      | Reached skill level 5 in Stealth
  3519 | D:3      | Reached XP level 7. HP: 25/36 MP: 8/8
  3586 | D:5      | Entered Level 5 of the Dungeon
  3586 | D:5      | Noticed Ijyb
  3588 | D:5      | Paralysed by Ijyb for 2 turns
  3713 | D:5      | Killed Ijyb
  3746 | D:5      | Reached skill level 6 in Stealth
  4018 | D:5      | Reached ** piety under Okawaru
  4317 | D:6      | Reached XP level 8. HP: 41/42 MP: 9/9
  4433 | D:6      | Reached skill level 7 in Stealth
  4596 | D:6      | Found a basalt altar of Yredelemnul.
  4655 | D:6      | Identified the +5 whip of the Charming Gods {heavy, rN+
                  | Int+3}
  4914 | D:6      | Reached *** piety under Okawaru
  5093 | D:7      | Reached skill level 8 in Stealth
  5600 | D:7      | Reached XP level 9. HP: 46/46 MP: 10/10
  5820 | D:7      | Found a sacrificial altar of Ru.
  5825 | D:7      | Found a shimmering altar of Xom.
  6016 | D:8      | Noticed Joseph
  6025 | D:8      | Noticed a death yak
  6156 | D:8      | Noticed a death yak
  6304 | D:7      | Killed a death yak
  6304 | D:7      | Reached **** piety under Okawaru
  6305 | D:7      | Reached skill level 5 in Fighting
  6305 | D:7      | Reached skill level 9 in Stealth
  6774 | D:8      | Noticed a death yak
  6787 | D:8      | Noticed Psyche
  6972 | D:7      | Killed Psyche
  7040 | D:8      | Reached skill level 10 in Stealth
  7092 | D:8      | Found a stormy altar of Qazlal.
  7124 | D:8      | Reached skill level 10 in Ranged Weapons
  7324 | D:8      | Reached XP level 10. HP: 51/51 MP: 11/11
  7507 | D:8      | Noticed a death yak
  7508 | D:8      | Noticed a death yak
  7511 | D:8      | Noticed a death yak
  7512 | D:8      | Noticed a death yak
  7786 | D:8      | Found a transporter.
  8132 | D:8      | Found a staircase to the Lair.
  8198 | D:9      | Reached ***** piety under Okawaru
  8313 | D:9      | Found a radiant altar of Vehumet.
  8546 | D:10     | Entered Level 10 of the Dungeon
  9078 | D:9      | Identified the +0 cloak "Amott" {+Blink rElec Dex-3}
  9159 | D:9      | Reached skill level 11 in Stealth
  9458 | D:9      | Found a runed translucent door.
  9458 | D:9      | Noticed a boulder beetle
  9459 | D:9      | Noticed a tengu warrior
  9459 | D:9      | Noticed a centaur warrior
  9459 | D:9      | Noticed a cyclops
  9459 | D:9      | Noticed a manticore
  9460 | D:9      | Noticed a manticore
  9460 | D:9      | Noticed a red ugly thing
  9460 | D:9      | Noticed a tengu warrior
  9461 | D:9      | Found a runed translucent door.
  9461 | D:9      | Found a runed translucent door.
  9461 | D:9      | Noticed a purple ugly thing
  9465 | D:9      | Noticed a catoblepas
  9465 | D:9      | Noticed a centaur warrior
  9465 | D:9      | Noticed a wizard
  9606 | D:8      | Killed Joseph
  9828 | D:8      | Received a gift from Okawaru
  9985 | D:8      | Killed a death yak
  9986 | D:8      | Reached skill level 10 in Dodging
 10075 | D:8      | Killed a death yak
 10127 | D:8      | Killed a death yak
 10128 | D:8      | Reached XP level 11. HP: 56/58 MP: 12/12
 10348 | D:8      | Found a transporter.
 10482 | D:8      | Killed a death yak
 10483 | D:8      | Reached skill level 12 in Stealth
 10512 | D:8      | Killed a death yak
 10594 | D:8      | Killed a death yak
 10798 | Lair:1   | Entered Level 1 of the Lair of Beasts
 10805 | Lair:1   | Identified the +0 quarterstaff of the Tentacled God {heavy,
                  | Fly} (Okawaru gifted it to you on level 1 of the Lair of
                  | Beasts)
 10805 | Lair:1   | Received a gift from Okawaru
 10832 | Lair:1   | Noticed Sonja
 10839 | Lair:1   | Killed Sonja
 11217 | Lair:1   | Reached ****** piety under Okawaru
 11439 | Lair:1   | Noticed Grum
 11446 | Lair:1   | Reached skill level 13 in Stealth
 11456 | Lair:1   | Killed Grum
 11531 | Lair:1   | Noticed Urug
 11531 | Lair:1   | Noticed Gastronok
 11658 | Lair:1   | Killed Gastronok
 11658 | Lair:1   | Received a gift from Okawaru
 11898 | Lair:1   | Noticed a wolf spider
 11917 | Lair:1   | Killed a wolf spider
 12014 | Lair:1   | Killed Urug
 12090 | Lair:1   | Reached XP level 12. HP: 62/63 MP: 13/13
 12183 | Lair:1   | Found a runed translucent door.
 12714 | Lair:1   | Found a runed translucent gate.
 12715 | Lair:1   | Identified the +4 whip of the Disturbing Beasts {venom,
                  | *Corrode Int+5 Dex+4}
 12716 | Lair:1   | Found a runed translucent gate.
 12728 | Lair:1   | Found a runed translucent gate.
 12728 | Lair:1   | Found a runed translucent gate.
 12728 | Lair:1   | Found a runed translucent gate.
 12728 | Lair:1   | Noticed a boulder beetle
 12731 | Lair:1   | Found a runed translucent gate.
 12736 | Lair:1   | Found the amulet of the Air {Inacc Air Fly rElec RMsl}
 12849 | Lair:2   | Noticed an eight-headed hydra
 12884 | Lair:2   | Killed an eight-headed hydra
 12885 | Lair:2   | Reached skill level 14 in Stealth
 13034 | Lair:2   | Identified the +10 arbalest "Wulox" {penet, rC+ Dex-3 SInv}
                  | (Okawaru gifted it to you on level 2 of the Lair of Beasts)
 13034 | Lair:2   | Received a gift from Okawaru
 13440 | Lair:2   | Found a staircase to the Swamp.
 14228 | Lair:1   | Killed a boulder beetle
 14228 | Lair:1   | Identified the +2 buckler of Okawaru's Outrage {Str+2}
                  | (Okawaru gifted it to you on level 1 of the Lair of Beasts)
 14228 | Lair:1   | Received a gift from Okawaru
 14229 | Lair:1   | Reached skill level 15 in Stealth
 14696 | Lair:3   | Found a staircase to the Snake Pit.
 14972 | Lair:3   | Noticed a five-headed hydra
 14989 | Lair:3   | Killed a five-headed hydra
 15226 | Lair:3   | Reached XP level 13. HP: 69/69 MP: 14/14
 15737 | Lair:4   | Found a transporter.
 16056 | Lair:4   | Reached skill level 15 in Ranged Weapons
 16216 | Lair:4   | Found a transporter.
 16688 | Lair:4   | Reached skill level 16 in Stealth
 16973 | Lair:4   | Identified the +1 chain mail of the Goldsmith {+Inv rF-
                  | Dex+3 Stlth+}
 16992 | Lair:5   | Entered Level 5 of the Lair of Beasts
 17128 | Lair:4   | Received a gift from Okawaru
 17631 | Lair:5   | Found a staircase to the Slime Pits.
 17632 | Lair:5   | Found a viscous altar of Jiyva.
 17669 | Lair:5   | Identified the +1 animal skin "Heqem" {+Inv rElec Will+}
                  | (Okawaru gifted it to you on level 5 of the Lair of Beasts)
 17669 | Lair:5   | Received a gift from Okawaru
 18027 | Lair:5   | Reached XP level 14. HP: 75/75 MP: 15/15
 18062 | Lair:5   | Reached skill level 17 in Stealth
 18390 | Lair:5   | Identified the +7 shortbow of Tender Mercy {speed, rElec
                  | Str+4} (Okawaru gifted it to you on level 5 of the Lair of
                  | Beasts)
 18390 | Lair:5   | Received a gift from Okawaru
 18736 | Lair:5   | Reached skill level 15 in Dodging
 18949 | Lair:5   | Reached skill level 10 in Fighting
 19018 | Lair:5   | Identified the +5 chain mail of Light {rF- rC+ rN+ Will+
                  | SInv}
 19436 | D:9      | Identified the +3 dagger of Hubris {venom, rPois rN+ Str-2}
 19440 | D:9      | Received a gift from Okawaru
 19583 | D:9      | Reached skill level 18 in Stealth
 20124 | D:11     | Found a transporter.
 20129 | D:11     | Found a transporter.
 20281 | D:11     | Found a one-way gate to the infinite horrors of the Abyss.
 20281 | D:11     | Noticed Wiilli's ghost (journeyman GrEE)
 20333 | D:11     | Noticed Nergalle
 20752 | D:11     | Identified the +6 hand axe "Beastslayer" {drain, rN+}
 20834 | D:11     | Found a staircase to the Orcish Mines.
 20842 | D:11     | Killed Nergalle
 20950 | D:11     | HP: 2/68 [Wiilli's ghost (4)]
 21022 | D:11     | Reached XP level 15. HP: 72/74 MP: 16/16
 21035 | D:11     | Killed Wiilli's ghost
 21133 | D:12     | Noticed Fannar
 21145 | D:11     | Killed Fannar
 21145 | D:11     | Received a gift from Okawaru
 22561 | D:14     | Identified the +1 ice dragon scales "Eprausy" {rElec rF-
                  | rC++ Str+3} (Okawaru gifted it to you on level 14 of the
                  | Dungeon)
 22561 | D:14     | Received a gift from Okawaru
 22623 | D:14     | Found a transporter.
 22639 | D:14     | Found a transporter.
 22649 | D:14     | Reached skill level 19 in Stealth
 22710 | D:14     | Noticed Pocvaraige's ghost (journeyman TrMo)
 22719 | D:14     | Found a gate to the Vaults.
 23153 | D:15     | Entered Level 15 of the Dungeon
 23352 | D:15     | Noticed Agnes
 23361 | D:15     | Killed Agnes
 23390 | D:15     | Noticed Josephine
 23402 | D:15     | Killed Josephine
 23523 | D:15     | Found an ornate altar of the Wu Jian Council.
 23759 | D:15     | Reached skill level 20 in Stealth
 23760 | D:15     | Noticed Azrael
 23937 | D:15     | Found a staircase to the Depths.
 24135 | D:15     | Killed Azrael
 24671 | Orc:1    | Entered Level 1 of the Orcish Mines
 24673 | Orc:1    | Received a gift from Okawaru
 24721 | Orc:1    | Reached XP level 16. HP: 87/88 MP: 17/17
 24735 | Orc:1    | Learned a level 2 spell: Blink
 25041 | Orc:2    | Entered Level 2 of the Orcish Mines
 25093 | Orc:2    | Reached skill level 1 in Invocations
 25333 | Orc:2    | Found Keni's Antique Weapon Shop.
 25408 | Orc:2    | Found Gigaw's Book Shop.
 25465 | Orc:2    | Found Jueraopp's General Store.
 25471 | Orc:2    | Reached skill level 5 in Invocations
 25512 | Orc:2    | Found Qemisej's Antique Armour Emporium.
 25519 | Orc:2    | Found a staircase to the Elven Halls.
 26203 | Snake:1  | Entered Level 1 of the Snake Pit
 26325 | Snake:1  | Identified the +5 arbalest "Qilo" {elec, rPois rC- Str+6
                  | Int+2} (Okawaru gifted it to you on level 1 of the Snake
                  | Pit)
 26325 | Snake:1  | Received a gift from Okawaru
 26852 | Snake:1  | You fall into a shaft and drop 1 floor!
 27884 | Snake:2  | Killed from afar by a salamander tyrant

Illustrated notes

Levels and vault maps discovered:
D:1:      ncdulo_smallfort, layout_rooms, basic_ecumenical_altar
D:2:      minmay_alternating_diamond, layout_basic
D:3:      layout_loops_corners, corner_web_ring, minmay_tree_intersection,
          kennysheep_cluttered_room, uniq_crazy_yiuf_cottage, uniq_grinder
D:4:      layout_basic, minmay_temple_entry_antechambers
D:5:      layout_cave_pools, uniq_ijyb
D:6:      layout_rooms, mainiacjoe_overflow_boulevard, corexii_hall_statues_u,
          kennysheep_small_square
D:7:      layout_rooms, mainiacjoe_overflow_big_doors, kennysheep_nondescript
D:8:      gammafunk_beogh_shrine, layout_layer_cave, overflow_temple_1_default,
          dpeg_lair_monsters, serial_demonic, serial_demonic_b,
          serial_demonic_f, serial_demonic_a, serial_demonic_c,
          serial_demonic_g, uniq_joseph, uniq_psyche
D:9:      minmay_the_grid_triangle_9x9_recursive_2
          [minmay_the_grid_triangle_9x9_prize_schism,
          minmay_the_grid_triangle_9x9_fully_insulated_deathbox,
          minmay_the_grid_triangle_9x9_shrine,
          minmay_the_grid_triangle_9x9_alien], layout_basic,
          nicolae_overflow_crystal_walls
D:10:     layout_roguey
D:11:     hangedman_cross_stitches, layout_basic, orc_0_dummy,
          gammafunk_ghost_abyssal_escape, uniq_nergalle
D:12:     layout_cross, uniq_fannar
D:13:     layout_stronghold
D:14:     layout_irregular_city, david_vaults_2, nzn_ghost_randoct, minivault_26
D:15:     grunt_enter_depths_snipers, layout_basic, serial_curves,
          eino_curves_02, eino_curves_02, nzn_wu_jian_contemplation,
          st_stairs_14, uniq_agnes, uniq_josephine, uniq_azrael
Temple:   bh_familiar_temple
Lair:1:   gammafunk_indiana_jones, layout_concentric_octagons,
          nicolae_lair_run_with_the_wolves, grunt_megastairs_1,
          serial_bayou_shore_b, uniq_urug, uniq_gastronok, uniq_sonja, uniq_grum
Lair:2:   layout_regular_city, minmay_swamp_entry_worms
Lair:3:   layout_cave_pods, guppyfry_snake_entry_island, grunt_megastairs_3
Lair:4:   gammafunk_cloud_chamber, layout_layer_cave, serial_bayou_shore_a
Lair:5:   hangedman_lair_caniforms_friends, layout_gridlike,
          guppyfry_lair_end_dragon, slime_entry_1, gauntlet_entry_generic, pond,
          grunt_megastairs_4
Snake:1:  layout_layer_cave, nicolae_triple_integral
Snake:2:  layout_gridlike, nicolae_snake_magic_snake_eye
Orc:1:    layout_caves, basic_altar
Orc:2:    grunt_orc_gardens, layout_diamond_mine, grunt_orc_garden,
          grunt_orc_garden, grunt_orc_garden, grunt_orc_garden

Skill      XL: |  1  2  3  4  5  6  7  8  9 10 11 12 13 14 15 16 |
---------------+-------------------------------------------------+-----
Stealth        | 2 3 4 5 6 8 10 11 13 15 16 18 20 | 20.4
Dodging        | 3 4 5 6 7 8 10 11 13 14 15 17 | 17.5
Fighting       | 2 3 4 5 6 7 8 9 10 11 | 11.7
Ranged Weapons | 5 6 7 8 10 11 13 14 16 17 18 | 18.0
Invocations    | 8 |  8.7

Action                   |  1- 3 |  4- 6 |  7- 9 | 10-12 | 13-15 | 16-18 || total
-------------------------+-------+-------+-------+-------+-------+-------++-------
 Fire: Shortbow          |   120 |   174 |   410 |   422 |   148 |       ||  1274
       Sling             |       |       |       |   254 |       |       ||   254
       Arbalest          |       |       |       |   103 |   942 |   271 ||  1316
  Use: Scroll            |       |       |     9 |     3 |    21 |     1 ||    34
       Potion            |       |       |       |     1 |    14 |     5 ||    20
Armor: Robe              |     6 |     5 |    10 |    12 |       |       ||    33
       Steam dragon scal |       |       |       |       |     9 |       ||     9
       Animal skin       |       |       |       |       |    29 |     3 ||    32
Dodge: Dodged            |    54 |    56 |   175 |   415 |   878 |   218 ||  1796

Table legend: (Time is in decaauts)
 A = Elapsed time spent in this place.
 B = Non-inter-level travel time spent in this place.
 C = Inter-level travel time spent in this place.
 D = Time resting spent in this place.
 E = Time spent auto-exploring this place.
 F = Levels seen in this place.
 G = Mean time per level.
                   A        B        C        D        E       F      G
               +--------+--------+--------+--------+--------+-----+--------+
         Total |  20194 |  18854 |   1340 |    544 |  12962 |  25 |  807.8 |
       Dungeon |  11815 |  11110 |    705 |    108 |   7764 |  15 |  787.7 |
        Temple |    129 |    115 |     14 |      0 |    103 |   1 |  129.0 |
          Lair |   6216 |   5779 |    437 |    436 |   3695 |   5 | 1243.2 |
     Snake Pit |   1099 |   1087 |     12 |      0 |    860 |   2 |  549.5 |
  Orcish Mines |    932 |    762 |    170 |      0 |    538 |   2 |  466.0 |
               +--------+--------+--------+--------+--------+-----+--------+

Top non-repeatable levels by time:
     D:8: 1950 daAuts
  Lair:1: 1940 daAuts
  Lair:4: 1582 daAuts
     D:7: 1452 daAuts
  Lair:5: 1189 daAuts
     D:9: 1038 daAuts
    D:15: 944 daAuts
 Snake:1: 897 daAuts
  Lair:2: 874 daAuts
    D:11: 848 daAuts
     D:6: 803 daAuts
     D:3: 762 daAuts
     D:4: 674 daAuts
  Lair:3: 630 daAuts
     D:2: 611 daAuts
